 Dungeon Crawl Stone Soup version 0.18-a0-1626-g65af6d3 (webtiles) character file.

6 M4edhros the Charmwright (level 1, 0/11 HPs)
             Began as an Octopode Wanderer on Mar 24, 2016.
             Slain by a giant gecko (3 damage)
             ... on level 1 of the Dungeon.
             The game lasted 00:00:38 (482 turns).

M4edhros the Charmwright (Octopode Wanderer)         Turns: 482, Time: 00:00:39

Health: 0/11       AC:  1    Str: 11    XL:     1   Next: 90%
Magic:  3/3        EV: 11    Int: 14    God:
Gold:   7          SH:  0    Dex: 11    Spells: 0 memorised, 4 levels left

rFire  . . .     SeeInvis .     (no weapon)
rCold  . . .     Gourm    .     (no shield)
rNeg   . . .     Faith    .     (helmet restricted)
rPois  .         Spirit   .     f - amulet of dismissal
rElec  .         Dismiss  +     (no ring)
rCorr  .         Reflect  .     (no ring)
SustAt .         Harm     .     (no ring)
MR     .....                    (no ring)
Stlth  +++.......               (no ring)
                                (no ring)
                                (no ring)
                                (no ring)

@: not resistant to hostile enchantments, fairly stealthy
A: almost no armour, amphibious, 8 rings, constrict 8, camouflage 1, gelatinous
body 1
a: no special abilities


You were on level 1 of the Dungeon.
You were not hungry.

You visited 1 branch of the dungeon, and saw 1 of its levels.

You collected 7 gold pieces.

Inventory:

Jewellery
 f - an amulet of dismissal (around mantle)
Scrolls
 c - a scroll of remove curse {unknown}
 e - 2 scrolls of identify {unknown}
 i - a scroll of magic mapping {unknown}
Potions
 b - 2 potions of lignification
 g - a potion of heal wounds {unknown}
Books
 a - a book of Minor Magic

   Spells                             Type                      Level
   a - Magic Dart                     Conjuration                  1
   b - Blink                          Translocation                2
   c - Call Imp                       Summoning                    2
   d - Repel Missiles                 Charms/Air                   2
   e - Slow                           Hexes                        2
   f - Conjure Flame                  Conjuration/Fire             3
   g - Mephitic Cloud                 Conjuration/Poison/Air       3
Comestibles
 d - a bread ration


   Skills:
 + Level 0.2 Dodging
 * Level 2.0 Stealth
   Level 1.0 Shields
 - Level 2.0 Spellcasting
   Level 1.0 Conjurations
   Level 2.0 Hexes
   Level 3.0 Charms
   Level 1.1 Evocations


You had 4 spell levels left.
You didn't know any spells.

Dungeon Overview and Level Annotations

Branches:
Dungeon (1/15)

Altars:


Innate Abilities, Weirdness & Mutations

You cannot wear most types of armour.
You are amphibious.
You can wear up to eight rings at the same time.
You can use your tentacles to constrict eight enemies at once.
Your skin changes colour to match your surroundings (Stealth).
Your rubbery body absorbs attacks (AC +1).


Message History

a short sword; a stone You start resting.
All of the chunks of flesh in your inventory have rotted away.
HP restored.
You see here a bat skeleton.
A giant gecko comes into view.
A giant gecko is nearby!
A giant gecko is nearby!
The giant gecko barely misses you. The giant gecko bites you.
You closely miss the giant gecko. Your grab misses the giant gecko.
Your squeeze misses the giant gecko. The giant gecko bites you.
You closely miss the giant gecko. Your grab misses the giant gecko.
The giant gecko bites you but does no damage.
You barely miss the giant gecko. Your grab misses the giant gecko.
The giant gecko bites you.
* * * LOW HITPOINT WARNING * * *
You tentacle-slap the giant gecko but do no damage.
You grab the giant gecko. You constrict the giant gecko.
The giant gecko bites you.
You die...

#.. #... .....
..... .....##+##
#......l.# #
#..@.###.#. ..
#..........
...##.....##.##
..........##...
...............
########........
#..........#####
+..........+
#..........#


You could see a giant gecko.

Vanquished Creatures
  A bat (D:1)
  2 goblins (D:1)
  A hobgoblin (D:1)
  A kobold (D:1)
5 creatures vanquished.

Notes
Turn   | Place    | Note
--------------------------------------------------------------
     0 | D:1      | M4edhros the Octopode Wanderer began the quest for the Orb.
     0 | D:1      | M4edhros set off with: a book of Minor Magic, 2 potions of lignification, a +0 club, a bread ration
     0 | D:1      | Reached XP level 1. HP: 11/11 MP: 3/3
   150 | D:1      | Reached skill level 1 in Stealth
   482 | D:1      | Slain by a giant gecko

Vault maps used:
D:1:      lemuel_arrival_room

Skill      XL: |  1 |
---------------+----+-----
Stealth        | 2 |  2.0
Dodging        | |  0.2
Shields        | |  1.0
Spellcasting   | |  2.0
Conjurations   | |  1.0
Hexes          | |  2.0
Charms         | |  3.0
Evocations     | |  1.1

Action                   || total
-------------------------++-------
Melee: Unarmed           ||    18
